cohdb
Replays
Latest Replays
All Replays
Popular Replays
Top Player Replays
Match Explorer
How It Works
Community
CoH3 Stats
Reddit
Sign in to upload your games and track your stats! →
Sign in with Steam
Match 38339088
Unlisted
Match 38339088
Overview
Messages
Build Orders
End
Engineer Squad
Construct Barracks
Selects Advanced Infantry Battlegroup
Riflemen Squad
M1 Mortar Team
Riflemen Squad
Selects Convert to Ranger Squad
Convert to Ranger Squad
Selects Frontline Medical Station
Mechanized Support Center
Convert to Ranger Squad
Frontline Medical Station
Construct Motor Pool
M1 Anti-tank Gun Team
Construct Tank Depot
Selects Ranger Weapon Training
Selects Artillery Observers
M4A1 Sherman Medium Tank
Ranger Squad
Designate Forward Repair Station
M4A1 Sherman Medium Tank
Selects M2A1 105mm Howitzer Emplacement
Selects 155mm Rapid Artillery Barrage
Rapid Repairs
M4A1 76mm Conversion
M4A1(76) Sherman Medium Tank
Engineer Squad
Instinct18
VladoS
rdk
kocaman08
qZeto
Epicdeath
BIOHAZARD
Gorgolo
0
0
Comments
sign in to comment!
No comments posted yet!